 Dungeon Crawl Stone Soup version 0.28-a0-1429-gf3d713df7a (webtiles) character file.

Game seed: 17503400510554086439

35 croobank the Magician (level 3, -4/21 HPs)
             Began as an Octopode Hedge Wizard on Jan 8, 2022.
             Slain by an iguana (6 damage)
             ... on level 2 of the Dungeon.
             The game lasted 00:05:03 (1671 turns).

croobank the Magician (Octopode Hedge Wizard)       Turns: 1671, Time: 00:05:33

Health: -4/21      AC:  1    Str:  9    XL:     3   Next: 35%
Magic:  1/7        EV: 13    Int: 18    God:
Gold:   21         SH:  0    Dex: 11    Spells: 1/8 levels left

rFire   . . .      SeeInvis .   a - +0 dagger
rCold   . . .      Faith    .   (no shield)
rNeg    . . .      Spirit   .   f - +0 hat
rPois   .          Reflect  .   (no amulet)
rElec   .          Harm     .   (no ring)
rCorr   .          Rampage  .   (no ring)
Will    .....                   (no ring)
Stlth   +++.......              (no ring)
HPRegen 0.07/turn               (no ring)
MPRegen 0.10/turn               (no ring)
                                (no ring)
                                (no ring)

@: no status effects
A: almost no armour, amphibious, 8 rings, camouflage 1, gelatinous body 1,
(nimble swimmer 1), tentacles
a: no special abilities


You were on level 2 of the Dungeon.
You visited 1 branch of the dungeon, and saw 2 of its levels.

You collected 21 gold pieces.

Inventory:

Hand Weapons
 a - a +0 dagger (weapon)
 b - a +0 hunting sling
 c - a +0 war axe
Missiles
 d - 8 poisoned darts (quivered)
 h - 12 stones
Armour
 f - a +0 hat (worn)
Jewellery
 g - a ring of fire
Scrolls
 e - a scroll of amnesia {unknown}
 i - a scroll of identify {unknown}
 k - a scroll of vulnerability {unknown}
 l - a scroll of enchant armour {unknown}
 m - a scroll of immolation {unknown}
Potions
 j - a potion of attraction {unknown}


   Skills:
 + Level 2.3 Dodging
 + Level 3.2 Stealth
 + Level 3.2 Spellcasting
 + Level 1.4 Conjurations
 + Level 1.5 Summonings
 + Level 1.4 Translocations


You had one spell level left.
You knew the following spells:

 Your Spells              Type           Power      Damage    Failure   Level
a - Magic Dart            Conj           32%        1d4       9%          1
b - Slow                  Hex            8%         N/A       16%         1
c - Blink                 Tloc           16%        N/A       13%         2
d - Mephitic Cloud        Conj/Pois/Air  4%         N/A       36%         3

Your spell library contained the following spells:

 Spells                   Type           Power      Damage    Failure   Level
 Call Imp                 Summ           8%         N/A       13%         2
 Lesser Beckoning         Tloc           8%         N/A       26%         3
 Conjure Flame            Conj/Fire      5%         6-21      34%         3
 Summon Guardian Golem    Hex/Summ       5%         N/A       34%         3
 Manifold Assault         Tloc           8%         N/A       94%         5
 Orb of Destruction       Conj           4%         9d2       100%        7
 Spellforged Servitor     Conj/Summ      4%         N/A       100%        7


Dungeon Overview and Level Annotations

Branches:
Dungeon (2/15)

Altars:


Innate Abilities, Weirdness & Mutations

You cannot wear most types of armour.
You are amphibious.
You can wear up to eight rings at the same time.
Your skin changes colour to match your surroundings (Stealth+).
Your rubbery body absorbs attacks. (AC +1, EV +1)
((You are camouflaged when in or above water. (Stealth+)))
You have tentacles for arms and can constrict up to eight enemies at once.


Message History

Aim: an iguana (100% to hit)
The magic dart hits the iguana.
The iguana is lightly wounded.
Casting: Magic Dart (safe; 9% risk of failure)
Confirm with . or Enter, or press ? or * to list all spells.
Aiming: Magic Dart (safe; 9% risk of failure)
Press: ? - help, Shift-Dir - straight line, f/p - iguana
Aim: an iguana (lightly wounded, 100% to hit)
The magic dart hits the iguana but does no damage.
The iguana is lightly wounded.
The iguana completely misses you.
You barely miss the iguana. Your grab misses the iguana.
The iguana is lightly wounded.
The iguana bites you.
You hit the iguana but do no damage. You grab the iguana.
The iguana is lightly wounded.
You constrict the iguana, but do no damage.
The iguana misses you.
Your magical contamination has completely faded away.
You hit the iguana but do no damage.
The iguana is lightly wounded.
You constrict the iguana. The iguana barely misses you.
You barely miss the iguana.
The iguana is lightly wounded.
You constrict the iguana. The iguana bites you!
Ouch! That really hurt!
* * * LOW HITPOINT WARNING * * *
You hit the iguana. You squeeze the iguana.
The iguana is severely wounded.
You constrict the iguana, but do no damage.
The iguana barely misses you.
Casting: Magic Dart (safe; 9% risk of failure)
Confirm with . or Enter, or press ? or * to list all spells.
Aiming: Magic Dart (safe; 9% risk of failure)
Press: ? - help, Shift-Dir - straight line, f/p - iguana
Aim: an iguana (severely wounded, constricted by you, 100% to hit)
The magic dart hits the iguana but does no damage.
The iguana is severely wounded.
You constrict the iguana. The iguana bites you.
You die...

#.# #.# #. #.# ..
#.# .# #.# .# #.#
.# #####.# .#
##.##..#########l#
##..............@.#
........###########
.....#......
###.##.##### #
####.# # #.# # #.#
# ...


You could see an iguana.

Vanquished Creatures
  A worm (D:2)
  A dart slug (D:1)
  3 endoplasms
  4 goblins
  4 jackals (D:2)
  A quokka (D:2)
  3 ball pythons (D:1)
  4 bats (D:1)
  2 kobolds
  4 rats
27 creatures vanquished.

Notes
Turn   | Place    | Note
-------+----------+-------------------------------------------
     0 | D:1      | croobank the Octopode Hedge Wizard began the quest for the
                  | Orb.
     0 | D:1      | Reached XP level 1. HP: 11/11 MP: 4/4
   232 | D:1      | Learned a level 1 spell: Slow
   416 | D:1      | Reached XP level 2. HP: 13/17 MP: 0/6
  1209 | D:2      | Reached XP level 3. HP: 16/21 MP: 1/7
  1274 | D:2      | Learned a level 2 spell: Blink
  1489 | D:2      | Found a faded altar of an unknown god.
  1636 | D:2      | Learned a level 3 spell: Mephitic Cloud
  1671 | D:2      | Slain by an iguana

Illustrated notes

Levels and vault maps discovered:
D:1:      tarquinn_simple_flora_water_e, layout_basic, interstate_on_off
D:2:      layout_loops_ring, hellmonk_ecumenical_altar_heavens_door,
          grunt_ministairs_6

Skill      XL: |  1  2 |
---------------+-------+-----
Stealth        | 3 |  3.2
Dodging        | |  2.3
Spellcasting   | |  3.2
Conjurations   | |  1.4
Summonings     | |  1.5
Translocations | |  1.4

Action                   || total
-------------------------++-------
Melee: Dagger            ||    36
       Constrict         ||    10
       Tentacles         ||     7
       Punch             ||     1
Throw: Dart              ||     3
 Cast: Magic Dart        ||    47
       Slow              ||     9
 Stab: Sleeping          ||     3
Armor: Skin              ||     2
Dodge: Dodged            ||    26

Table legend: (Time is in decaauts)
 A = Elapsed time spent in this place.
 B = Non-inter-level travel time spent in this place.
 C = Inter-level travel time spent in this place.
 D = Time resting spent in this place.
 E = Time spent auto-exploring this place.
 F = Levels seen in this place.
 G = Mean time per level.
                   A        B        C        D        E       F      G
               +--------+--------+--------+--------+--------+-----+--------+
         Total |   1670 |   1643 |     27 |    307 |   1110 |   2 |  835.0 |
       Dungeon |   1670 |   1643 |     27 |    307 |   1110 |   2 |  835.0 |
               +--------+--------+--------+--------+--------+-----+--------+

Top non-repeatable levels by time:
     D:1: 1150 daAuts
     D:2: 520 daAuts
